Map: Habitation Station LE (Void)

Players

fropez

  • Race: Protoss Protoss
  • League: Gold
  • Spawn Location: 11:00

Bradley - Winner!

  • Race: Zerg Zerg
  • League: Platinum
  • Spawn Location: 1:00

VOD

Have the link to the VOD?

Description

Time

  • Played on: Dec. 13, 2016, 4:27 p.m.
  • Length: 10:41
Show
View Real Time Build Order
Export as new Build Order

fropez Protoss 

Build Orders:  

Get SALT Encoding   

  12  0:01  Probe (Chrono Boost)  
  13  0:11  Probe (Chrono Boost)  
  14  0:22  Pylon  
  14  0:24  Probe (Chrono Boost)  
  15  0:40  Probe (Chrono Boost)  
  15  0:41  Gateway  
  16  0:47  Assimilator  
  16  0:51  Probe (Chrono Boost)  
  17  1:02  Probe (Chrono Boost)  
  18  1:11  Gateway  
  18  1:12  Probe (Chrono Boost)  
  19  1:19  Assimilator  
  19  1:23  Probe (Chrono Boost)  
  20  1:33  Probe (Chrono Boost)  
  21  1:42  Cybernetics Core  
  21  1:44  Probe (Chrono Boost)  
  22  1:54  Probe (Chrono Boost)  
  22  1:59  Pylon  
  23  2:15  Pylon  
  23  2:17  Probe (Chrono Boost)  
  24  2:24  Twilight Council  
  24  2:28  Mothership Core (Chrono Boost)  
  26  2:36  Adept x2  
  30  2:39  Warp Gate  
  30  2:43  Pylon  
  30  2:46  Pylon  
  30  2:47  Probe (Chrono Boost)  
  30  3:12  Nexus  
  30  3:13  Resonating Glaives  
  30  3:19  Probe (Chrono Boost)  
  31  3:31  Adept  
  33  3:34  Adept  
  33  3:40  Probe (Chrono Boost)  
  36  3:52  Probe (Chrono Boost)  
  37  3:59  Adept  
  37  4:01  Adept  
  41  4:06  Probe (Chrono Boost)  
  43  4:18  Probe (Chrono Boost)  
  43  4:26  Probe (Chrono Boost)  
  43  4:30  Probe (Chrono Boost)  
  46  4:39  Probe (Chrono Boost)  
  46  4:40  Forge  
  46  4:42  Probe (Chrono Boost), Dark Shrine  
  41  5:08  Protoss Ground Weapons Level 1  
  41  5:17  Stalker x2  
  41  5:20  Probe x2 (Chrono Boost)  
  45  5:21  Assimilator  
  45  5:25  Assimilator  
  45  5:29  Gateway  
  45  5:31  Gateway  
  45  5:33  Gateway  
  45  5:40  Pylon  
  45  5:42  Stalker  
  45  5:43  Adept  
  45  5:47  Probe (Chrono Boost), Robotics Facility  
  51  5:50  Probe (Chrono Boost)  
  51  6:05  Adept, Nexus  
  51  6:06  Adept  
  51  6:11  Probe (Chrono Boost)  
  57  6:12  Probe (Chrono Boost)  
  57  6:23  Probe (Chrono Boost)  
  57  6:24  Probe (Chrono Boost)  
  59  6:27  Dark Templar x2  
  59  6:31  Dark Templar  
  65  6:41  Dark Templar x2  
  65  6:44  Warp Prism, Protoss Ground Weapons Level 2  
  71  6:58  Probe x2 (Chrono Boost)  
  67  7:37  Dark Templar  
  67  7:38  Dark Templar x3  
  76  7:59  Probe x2 (Chrono Boost)  
  76  8:01  Probe (Chrono Boost)  
  76  8:02  Pylon  
  76  8:04  Pylon  
  78  8:06  Pylon  
  78  8:10  Probe (Chrono Boost), Stalker x4  
  78  8:11  Pylon, Probe (Chrono Boost)  
  89  8:12  Assimilator, Immortal  
  89  8:13  Probe (Chrono Boost)  
  89  8:14  Assimilator  
  93  8:24  Probe (Chrono Boost)  
  93  8:25  Probe (Chrono Boost)  
  93  8:26  Probe (Chrono Boost)  
  96  8:34  Pylon, Gateway  
  96  8:36  Probe (Chrono Boost)  
  96  8:38  Probe (Chrono Boost)  
  98  8:45  Probe (Chrono Boost)  
  99  8:55  Gateway  
  99  8:58  Probe (Chrono Boost), Gateway, Immortal  
  99  8:59  Templar Archives  
  99  9:01  Pylon  
  104  9:29  Dark Templar x2  
  108  9:32  Immortal  
  98  10:01  Stalker x2  
  98  10:02  Stalker x3  
  73  10:18  Stalker  
  73  10:19  Stalker x2  
  53  10:38  Dark Templar x2  
  53  10:39  Dark Templar x2  
Show
View Real Time Build Order
Export as new Build Order

Bradley Zerg - Winner!

Build Orders: Hatch First 

Get SALT Encoding   

  12  0:14  Overlord  
  12  0:16  Drone  
  12  0:17  Drone  
  14  0:33  Drone  
  15  0:37  Drone  
  16  0:53  Hatchery  
  16  0:54  Drone  
  16  1:02  Extractor  
  15  1:11  Spawning Pool  
  15  1:13  Drone  
  15  1:17  Drone  
  16  1:30  Drone x2  
  18  1:43  Drone  
  19  1:52  Overlord  
  19  2:08  Queen x2  
  23  2:09  Drone x2  
  25  2:23  Drone x2  
  25  2:28  Roach Warren  
  26  2:30  Drone x2  
  29  2:42  Drone  
  29  3:07  Drone x2  
  31  3:15  Drone  
  31  3:16  Drone x4  
  31  3:17  Overlord  
  31  3:18  Overlord  
  36  3:23  Hatchery  
  35  3:39  Roach x4  
  43  3:47  Lair  
  43  3:49  Drone x2  
  45  3:58  Drone  
  46  4:04  Drone x4  
  46  4:05  Overlord  
  50  4:22  Extractor  
  49  4:36  Roach x6  
  49  4:37  Roach  
  59  4:59  Roach  
  65  5:00  Roach x2  
  62  5:18  Drone  
  62  5:19  Drone x4  
  62  5:21  Overlord x4  
  66  5:39  Queen  
  68  5:49  Evolution Chamber  
  67  5:55  Hydralisk Den  
  66  5:57  Drone  
  66  5:58  Drone x8  
  75  6:04  Pneumatized Carapace  
  75  6:06  Extractor  
  74  6:12  Roach  
  74  6:13  Roach x4  
  84  6:21  Extractor  
  83  6:35  Spore Crawler  
  82  6:43  Hydralisk  
  82  6:44  Hydralisk x2  
  88  7:03  Roach x2  
  92  7:12  Overseer  
  75  7:38  Drone  
  75  7:39  Queen, Drone x11  
  75  7:41  Queen x2  
  88  7:59  Spore Crawler  
  88  8:02  Spine Crawler  
  88  8:04  Hydralisk  
  88  8:05  Hydralisk x5  
  88  8:10  Overlord  
  88  8:11  Overlord  
  98  8:14  Overseer  
  98  8:28  Queen  
  98  8:30  Hatchery  
  98  8:32  Spore Crawler  
  98  8:33  Spine Crawler  
  97  8:35  Spine Crawler  
  96  8:42  Overlord x2  
  96  8:43  Overlord x2  
  96  8:45  Roach  
  96  8:46  Roach x4  
  106  8:49  Ravager x2  
  106  8:50  Ravager  
  109  9:26  Spore Crawler  
  110  9:31  Roach  
  110  9:32  Roach x8  
  110  9:35  Spine Crawler  
  125  9:42  Roach  
  125  9:43  Roach x5  
  116  10:21  Overlord x3  
  114  10:25  Drone  
  114  10:26  Drone x8  
Tags
 
Add a new tag
Caveats
  • Supply blocks, unpowered buildings, or Contaminate may cause inaccurate times.
  • Supply counts are checked every 10 seconds.